 Dungeon Crawl Stone Soup version 0.18-a0-1693-gbb391d9 (webtiles) character file.

775 Eucla the Ruffian (level 7, -13/70 HPs)
             Began as a Troll Monk on Apr 5, 2016.
             Mangled by an ogre
             ... wielding a +0 giant club
              (28 damage)
             ... on level 5 of the Dungeon.
             The game lasted 00:05:58 (2916 turns).

Eucla the Ruffian (Troll Monk)                      Turns: 2916, Time: 00:05:58

Health: -13/70     AC:  6    Str: 23    XL:     7   Next: 54%
Magic:  6/6        EV: 11    Int:  6    God:
Gold:   97         SH:  0    Dex: 14    Spells: 0 memorised, 6 levels left

rFire  . . .     SeeInvis .       - Unarmed
rCold  . . .     Gourm    +     a - +0 robe
rNeg   . . .     Faith    .     (no shield)
rPois  .         Spirit   .     (helmet restricted)
rElec  .         Dismiss  .     y - +0 cloak
rCorr  +         Reflect  .     (gloves unavailable)
SustAt .         Harm     .     (boots unavailable)
MR     .....                    (no amulet)
Stlth  ++........               v - +3 ring of strength
                                i - ring of resist corrosion

@: not resistant to hostile enchantments, unstealthy
A: unfitting armour, claws 3, blink, fast metabolism 3, gourmand, regeneration
2, shaggy fur 1, tough skin 2
a: Blink


You were on level 5 of the Dungeon.
You were completely stuffed.

You visited 1 branch of the dungeon, and saw 5 of its levels.

You collected 279 gold pieces.
You spent 182 gold pieces at shops.

Inventory:

Armour
 a - a +0 robe (worn)
 y - a +0 cloak (worn)
Jewellery
 i - a ring of resist corrosion (left claw)
 u - an uncursed ring of magical power
 v - a +3 ring of strength (right claw)
Scrolls
 c - 3 scrolls of teleportation {unknown}
 d - 2 scrolls of enchant armour {unknown}
 e - 2 scrolls of remove curse {unknown}
 g - 3 scrolls of identify {unknown}
 h - 2 scrolls of noise {unknown}
 t - a scroll of amnesia {unknown}
 w - a scroll of silence {unknown}
Potions
 j - a potion of cure mutation {unknown}
 k - a potion of lignification {unknown}
 m - a potion of berserk rage {unknown}
 n - a potion of curing
 o - 2 potions of haste {unknown}
 p - a potion of degeneration {unknown}
 q - 2 potions of agility {unknown}
Miscellaneous
 r - a plain deck of wonders {drawn: 1}
Comestibles
 b - 5 bread rations
 f - a royal jelly
 l - 4 beef jerkies
 s - a meat ration
 x - 2 chunks of flesh


   Skills:
 + Level 4.2 Fighting
 + Level 4.2 Dodging
 - Level 1.1 Stealth
 * Level 7.3 Unarmed Combat


You had 6 spell levels left.
You didn't know any spells.

Dungeon Overview and Level Annotations

Branches:
Dungeon (5/15)
 Temple: D:4-7

Altars:
Ashenzari
Elyvilon
Fedhas
Gozag
Kikubaaqudgha
Makhleb
Okawaru
Ru
Sif Muna
Xom

Shops:
D:4 }

Annotations:
D:5 Prince Ribbit


Innate Abilities, Weirdness & Mutations

You are too large for most types of armour.
You have claws for hands.
Your metabolism is lightning-fast.
You like to eat raw meat.
You heal very quickly.
You are covered in fur (AC +1).
You have very tough skin (AC +2).
You can translocate small distances at will.


Message History

The ogre hits you with a giant club! Prince Ribbit barely misses you.
You scratch the ogre.
The ogre is moderately wounded.
Prince Ribbit misses you. The ogre hits you with a giant club!!
You closely miss Prince Ribbit.
Prince Ribbit is severely wounded.
Prince Ribbit hits you!
* * * LOW HITPOINT WARNING * * *
Unknown command.
You claw the ogre!
The ogre is severely wounded.
Prince Ribbit barely misses you. The ogre barely misses you.
You are too injured to fight recklessly!
You are too injured to fight recklessly!
You miss Prince Ribbit.
Prince Ribbit is severely wounded.
Prince Ribbit hits you.
* * * LOW HITPOINT WARNING * * *
The ogre hits you with a giant club!!
You die...

.............## #.>... ..
#.............###..... .
............#...#..... #.
#...........###.#####.
###.##................####.
#......O.####.##.###.......
#.....# #.##.# ##.###..
#.....#####.##.####.####.
#......O@F..........<....
#....#####.#......#.....#
#....# #.####....####..
#...F# #.# ###......##
#....# ###<## ##...#.#.
###....# #....# ###.....
.......###....# ####..
#####...#....# ##.
###.#....# #.


You could see Prince Ribbit and an ogre.

Vanquished Creatures
  An ice beast (D:5)
  A big kobold (D:4)
  A scorpion (D:5)
  2 howler monkeys (D:4)
  3 crimson imps (D:5)
  A centaur zombie (D:5)
  A giant frog skeleton (D:3)
  A centaur skeleton (D:4)
  Jessica (D:2)
  An iguana (D:4)
  A worker ant (D:4)
  2 hound skeletons (D:4)
  6 adders
  A shadow imp (D:5)
  5 oozes
  An adder skeleton (D:4)
  3 worms
  A dart slug (D:5)
  6 giant geckos
  6 orcs
  8 giant cockroaches
  8 goblins
  10 hobgoblins
  7 jackals
  3 kobolds
  3 quokkas
  A ball python (D:4)
  8 bats
  A giant gecko skeleton (D:4)
  4 giant newts
  A jackal zombie (D:5)
  7 rats
106 creatures vanquished.

Notes
Turn   | Place    | Note
--------------------------------------------------------------
     0 | D:1      | Eucla the Troll Monk began the quest for the Orb.
     0 | D:1      | Reached XP level 1. HP: 22/22 MP: 0/0
    87 | D:1      | Reached XP level 2. HP: 29/29 MP: 1/1
   166 | D:1      | Found a shimmering altar of Xom.
   331 | D:1      | Reached XP level 3. HP: 36/36 MP: 2/2
   781 | D:2      | Reached XP level 4. HP: 27/45 MP: 3/3
   864 | D:2      | Noticed Jessica
   898 | D:2      | Killed Jessica
   898 | D:2      | Reached skill level 5 in Unarmed Combat
   942 | D:2      | Found a blossoming altar of Fedhas.
   942 | D:2      | Found an ancient bone altar of Kikubaaqudgha.
   943 | D:2      | Found a deep blue altar of Sif Muna.
  1169 | D:3      | Reached XP level 5. HP: 40/53 MP: 4/4
  1747 | D:3      | Found an opulent altar of Gozag.
  1765 | D:3      | Found a sacrificial altar of Ru.
  1770 | D:3      | Found a shimmering altar of Xom.
  1770 | D:3      | Found an iron altar of Okawaru.
  1773 | D:3      | Found a burning altar of Makhleb.
  1798 | D:3      | Found a shattered altar of Ashenzari.
  2059 | D:4      | Reached XP level 6. HP: 59/61 MP: 5/5
  2165 | D:4      | Found Xeamesm's Gadget Boutique.
  2168 | D:4      | Bought a plain deck of wonders for 182 gold pieces
  2168 | D:4      | Gained mutation: You can translocate small distances at will. [helix card]
  2180 | D:4      | Reached skill level 6 in Unarmed Combat
  2518 | D:4      | Found a white marble altar of Elyvilon.
  2615 | D:5      | Entered Level 5 of the Dungeon
  2646 | D:5      | Reached XP level 7. HP: 62/68 MP: 6/6
  2752 | D:5      | Reached skill level 7 in Unarmed Combat
  2896 | D:5      | Noticed Prince Ribbit
  2916 | D:5      | Mangled by an ogre

Vault maps used:
D:1:      erik_arrival_gehennom, xom_teletrap_fun
D:2:      nicolae_overflow_hidden_temple, uniq_jessica
D:3:      lemuel_doored_altar, overflow_temple_1_default, minitemple,
          serial_bayou, serial_bayou_lake_a, serial_bayou_pond_b,
          serial_bayou_pond_a, serial_bayou_pond_c
D:4:      elyvilon_altar_5, first_bread, serial_shops, kennysheep_mini_moat,
          kennysheep_generic_room_10
D:5:      uniq_prince_ribbit1

Skill      XL: |  1  2  3  4  5  6  7 |
---------------+----------------------+-----
Dodging        | 3 4 |  4.2
Fighting       | 3 4 |  4.2
Unarmed Combat | 5 6 7 |  7.3
Stealth        | |  1.1

Action                   |  1- 3 |  4- 6 |  7- 9 || total
-------------------------+-------+-------+-------++-------
Melee: Unarmed           |   105 |   176 |    39 ||   320
 Abil: Blink             |       |     1 |       ||     1
Evoke: Deck              |       |     1 |       ||     1
  Use: Potion            |       |     1 |       ||     1
 Stab: Sleeping          |     5 |     4 |       ||     9
       Invisible         |       |     2 |       ||     2
  Eat: Chunk             |     9 |    20 |     4 ||    33
